 Dungeon Crawl Stone Soup version 0.32-a0-42-ga30500b4d3 (webtiles) character file.

Game seed: 5408923154130207456

50 pokeman the Magician (level 3, -1/20 HPs)
             Began as a Deep Elf Hedge Wizard on Jan 31, 2024.
             Slain by a jackal (3 damage)
             ... on level 2 of the Dungeon.
             The game lasted 00:02:19 (1168 turns).

pokeman the Magician (Deep Elf Hedge Wizard)        Turns: 1168, Time: 00:02:20

Health: -1/20      AC:  2    Str: 13    XL:     3   Next: 55%
Magic:  1/11       EV: 12    Int: 20    God:
Gold:   66         SH:  0    Dex: 14    Spells: 4/12 levels left

rFire   . . .        n - +1 short sword (venom)
rCold   . . .        (no shield)
rNeg    . . .        b - +0 robe
rPois   .            c - +0 hat
rElec   .            (no cloak)
rCorr   .            (no gloves)
SInv    .            (no boots)
Will    .....        (no amulet)
Stlth   ++           m - +6 ring of strength
HPRegen 0.23/turn    (no ring)
MPRegen 0.12/turn

%: no passive effects
@: very slightly contaminated
A: no striking features
a: no special abilities


You were on level 2 of the Dungeon.
You visited 1 branch of the dungeon, and saw 2 of its levels.

You collected 66 gold pieces.

Inventory:

Hand Weapons
 n - a +1 short sword of venom (weapon)
Armour
 b - a +0 robe (worn)
 c - a +0 hat (worn)
 j - an orb of light
Jewellery
 m - a +6 ring of strength (left hand)
Scrolls
 e - 5 scrolls of identify {unknown}
 f - a scroll of teleportation {unknown}
 g - a scroll of revelation {unknown}
 l - a scroll of silence {unknown}
Potions
 d - a potion of magic
 h - a potion of haste {unknown}
 i - a potion of might {unknown}
 k - a potion of mutation {unknown}


   Skills:
 + Level 0.9 Fighting
 - Level 1.0 Armour
 + Level 2.4 Dodging
 - Level 2.4 Stealth
 * Level 5.3 Spellcasting
 + Level 1.9 Conjurations
 - Level 1.1 Summonings
 - Level 1.1 Translocations


You had 4 spell levels left.
You knew the following spells:

 Your Spells              Type           Power      Damage    Failure   Level
a - Magic Dart            Conj           52%        1d5       4%          1
b - Mephitic Cloud        Conj/Alch/Air  7%         N/A       26%         3
c - Call Imp              Summ           18%        N/A       11%         2
d - Blink                 Tloc           18%        N/A       11%         2

Your spell library contained the following spells:

 Spells                   Type           Power      Damage    Failure   Level
 Slow                     Hex            20%        N/A       12%         1
 Cigotuvi's Dreadful Rot  Necr/Alch/Air  10%        N/A       17%         2


Dungeon Overview and Level Annotations

Branches:
Dungeon (2/15)

Altars:


Message History

You blink.
Unknown command.
Casting: Blink (safe; 11% risk of failure)
Confirm with . or Enter, or press ? or * to list all spells.
Aiming: Mephitic Cloud (extremely dangerous; 26% risk of failure)
Press: ? - help, Shift-Dir - straight line, f - jackal, p - ribbon worm
Aim: a jackal (heavily wounded, chance to affect: 96%)
You miscast Mephitic Cloud.
You are very lightly contaminated with residual magic.
Nothing appears to happen.
Unknown command.
Casting: Mephitic Cloud (extremely dangerous; 26% risk of failure)
Confirm with . or Enter, or press ? or * to list all spells.
Aiming: Mephitic Cloud (extremely dangerous; 26% risk of failure)
Press: ? - help, Shift-Dir - straight line, f/p - jackal
Aim: a jackal (heavily wounded, chance to affect: 96%)
You miscast Mephitic Cloud.
Nothing appears to happen.
You kill the jackal!
The ribbon worm seems less confused.
Unknown command.
Unknown command.
Casting: Mephitic Cloud (extremely dangerous; 26% risk of failure)
Confirm with . or Enter, or press ? or * to list all spells.
You don't have enough magic to cast this spell.
Unknown command.
Unknown command.
The jackal bites you.
* * * LOW HITPOINT WARNING * * *
The jackal bites you.
* * * LOW HITPOINT WARNING * * *
You closely miss the jackal.
You feel ready to blink again. The jackal bites you.
* * * LOW HITPOINT WARNING * * *
The jackal closely misses you.
Unknown command.
You hit the jackal.
The jackal is poisoned.
The jackal is heavily wounded.
The jackal bites you.
You die...

# .............#
## .....°.††....#
.####
......†<<...#
....#
#..........##
###.######...w..##
###..# #.##†..##
..##.# #. #....##
#....# # ##.hh.###
###..# .# ##.@...#
#..## .# ###...#
#...####.# #..#
###.....#..####
..#
.####.#........
..#
....#..........
....
....##.........
...#
....###........
...# ####
#........


You could see a ribbon worm and 2 jackals.

Vanquished Creatures
  2 adders (D:2)
  A ball python (D:1)
  2 endoplasms (D:1)
  2 giant cockroaches (D:1)
  3 hobgoblins
  7 jackals
  4 kobolds
  2 bats
  2 frilled lizards
  4 rats
29 creatures vanquished.

Notes
Turn   | Place    | Note
-------+----------+-------------------------------------------
     0 | D:1      | pokeman the Deep Elf Hedge Wizard began the quest for the
                  | Orb.
     0 | D:1      | Reached XP level 1. HP: 10/10 MP: 7/7
   277 | D:1      | Found a faded altar of an unknown god.
   315 | D:1      | Reached XP level 2. HP: 15/15 MP: 5/9
   351 | D:1      | You fall into a shaft and drop 1 floor!
   499 | D:2      | Reached skill level 5 in Spellcasting
   499 | D:2      | Reached XP level 3. HP: 20/20 MP: 3/11
   505 | D:2      | Learned a level 3 spell: Mephitic Cloud
   508 | D:2      | Learned a level 2 spell: Call Imp
   513 | D:2      | Learned a level 2 spell: Blink
   830 | D:1      | Reached skill level 1 in Armour
  1168 | D:2      | Slain by a jackal

Illustrated notes

Levels and vault maps discovered:
D:1:      dpeg_arrival_solitude, layout_rooms,
          hellmonk_ecumenical_altar_leap_of_faith
D:2:      layout_rooms, uniq_robin

Skill      XL: |  1  2  3 |
---------------+----------+-----
Spellcasting   | 5 |  5.3
Armour         | 1 |  1.0
Fighting       | |  0.9
Dodging        | |  2.4
Stealth        | |  2.4
Conjurations   | |  1.9
Summonings     | |  1.1
Translocations | |  1.1

Action                     || total
---------------------------++-------
  Melee: Dagger            ||     1
         Short sword       ||    11
   Cast: Magic Dart        ||    70
         Mephitic Cloud    ||     1
         Blink             ||     1
 Armour: Robe              ||    25
  Dodge: Dodged            ||    17

Table legend: (Time is in decaauts)
 A = Elapsed time spent in this place.
 B = Non-inter-level travel time spent in this place.
 C = Inter-level travel time spent in this place.
 D = Time resting spent in this place.
 E = Time spent auto-exploring this place.
 F = Levels seen in this place.
 G = Mean time per level.
                   A        B        C        D        E       F      G
               +--------+--------+--------+--------+--------+-----+--------+
         Total |   1166 |   1155 |     11 |     88 |    905 |   2 |  583.0 |
       Dungeon |   1166 |   1155 |     11 |     88 |    905 |   2 |  583.0 |
               +--------+--------+--------+--------+--------+-----+--------+

Top non-repeatable levels by time:
     D:1: 858 daAuts
     D:2: 307 daAuts
